 Dungeon Crawl Stone Soup version 0.31-a0-185-g9dded2c639 (webtiles) character file.

Game seed: 14838312216158094656

583 qw the Skirmisher (level 7, -7/40 HPs)
             Began as a Deep Elf Hunter on June 22, 2023.
             Mangled by an ogre
             ... wielding a +0 giant spiked club
              (18 damage)
             ... on level 4 of the Dungeon.
             The game lasted 00:01:49 (3985 turns).

qw the Skirmisher (Deep Elf Hunter)                 Turns: 3985, Time: 00:01:50

Health: -7/40      AC: 11    Str: 16    XL:     7   Next: 14%
Magic:  9/9        EV: 12    Int: 14    God:
Gold:   112        SH:  0    Dex: 18    Spells: 6/6 levels left

rFire   . . .        Y - +0 orcbow
rCold   . . .        (shield currently unavailable)
rNeg    . . .        g - +0 ring mail
rPois   .            (no helmet)
rElec   .            h - +0 cloak
rCorr   .            f - +0 pair of gloves
SInv    .            (no boots)
Will    .....        (no amulet)
Stlth   +            j - +4 ring of protection
HPRegen 0.26/turn    n - +6 ring of strength
MPRegen 0.11/turn

%: no passive effects
@: no status effects
A: no striking features
a: no special abilities


You were on level 4 of the Dungeon.
You visited 1 branch of the dungeon, and saw 5 of its levels.
You also visited: Sewer.

You collected 259 gold pieces.
You spent 147 gold pieces at shops.


   Skills:
 - Level 2.1 Fighting
 + Level 10.4 Ranged Weapons
 - Level 1.3 Armour
 - Level 3.6 Dodging
 - Level 1.2 Stealth


You had 6 spell levels left.
You didn't know any spells.
Your spell library was empty.

Inventory:

Hand Weapons
 Y - a +0 orcbow (weapon)
Armour
 f - a +0 pair of gloves (worn)
 g - a +0 ring mail (worn)
 h - a +0 cloak (worn)
Jewellery
 j - a +4 ring of protection (left hand)
 n - a +6 ring of strength (right hand)
Scrolls
 i - a scroll of identify
Potions
 c - a potion of resistance
 d - a potion of enlightenment
 l - 3 potions of haste
 m - a potion of lignification {unknown}
 o - a potion of degeneration {unknown}

Dungeon Overview and Level Annotations

Branches:
Dungeon (5/15)              Sewer (visited)
 Temple: D:4-7

Altars:
Ashenzari
Dithmenos
Kikubaaqudgha
Zin

Shops:
D:2 !   D:4 (

Annotations:
D:3 2 transporters, qw's ghost, amateur GrFi


Message History

You climb downwards.
The hound barks!
The ogre shouts!
Found a stone staircase leading down.
There is a stone staircase leading up here.
There are monsters nearby!
Waypoint 5 assigned to D:5.
You shoot an arrow. The arrow hits the ogre!
The ogre is moderately wounded.
You shoot an arrow. The arrow hits the ogre!
The ogre is severely wounded.
The hound closely misses you.
A wight comes into view. It is wielding a +4 dagger.
The ogre hits you with a +0 giant spiked club!!
Ouch! That really hurt!
3982 ||| STAIRDANCE The hound bites you.
You climb upwards.
There is a stone staircase leading down here.
Enter note:
Enter note:
Enter note:
Enter note:
Enter note:
Enter note:
Enter note:
Enter note:
Enter note:
Enter note:
Enter note:
Enter note:
Enter note:
Enter note:
Enter note: You shoot an arrow.
The arrow hits the ogre.
The ogre is almost dead.
The hound barely misses you. The ogre barely misses you. The hound misses you.
You shoot an arrow. The arrow hits the ogre.
The ogre is almost dead.
The hound bites you.
The ogre hits you with a +0 giant spiked club!!
You die...

###############
#########
#.............#
........#
#.#....######.#
........#####.#....#
#.#
........'....['....#
#.#
........#####.#....#
#.# ######### #.#.####
#.#
#############.#.######
#.#
................@h...#
#.#
...##########'#.O###.#
#.# ...#####.........#
#.# #.#
.......+.........# #.#
#.# ....####.....<...#
#.# #.# ....#
########..# #.# #.#
....# #..# #.# #.#
....###########..# #.#
#.# ....#............#
#.# #.#


You could see an ogre and a hound.

Vanquished Creatures
  A scorpion (D:4)
  4 jellies (D:4)
  An orc priest (D:4)
  An iguana (D:4)
  2 orc wizards (D:4)
  9 adders
  A river rat (Sewer)
  An ufetubus (D:4)
  6 worms
  6 dart slugs
  7 orcs (D:4)
  11 bats
  8 endoplasms
  3 giant cockroaches
  5 goblins
  6 hobgoblins
  7 jackals
  4 kobolds
  2 quokkas
  9 ball pythons
  7 frilled lizards
  10 rats
111 creatures vanquished.

Notes
Turn   | Place    | Note
-------+----------+-------------------------------------------
     0 | D:1      | qw the Deep Elf Hunter began the quest for the Orb.
     0 | D:1      | Reached XP level 1. HP: 12/12 MP: 3/3
     0 | D:1      | 0 ||| qw: Version: 0.3-a-9-g12657ce
     0 | D:1      | 0 ||| qw: Game counter: 1838
     0 | D:1      | 0 ||| qw: Always use a shield: true
     0 | D:1      | 0 ||| qw: God list: Okawaru
     0 | D:1      | 0 ||| qw: Allow faded altars: false
     0 | D:1      | 0 ||| qw: Do Orc after D:15 true
     0 | D:1      | 0 ||| qw: Do second Lair branch before Depths: true
     0 | D:1      | 0 ||| qw: Lair rune preference: random
     0 | D:1      | 0 ||| qw: Plans: Normal
     0 | D:1      | 0 ||| PLANNING D:1-11
   105 | D:1      | Reached skill level 6 in Ranged Weapons
   105 | D:1      | Reached XP level 2. HP: 13/16 MP: 4/4
   634 | D:1      | Reached XP level 3. HP: 20/20 MP: 5/5
   676 | D:1      | 676 ||| UPGRADING to +0 ring mail.
   686 | D:1      | 686 ||| DROPPING +0 leather armour.
   687 | D:1      | 687 ||| DROPPING ring of flight.
   688 | D:1      | 688 ||| READING scroll labelled DESE MOUMMI.
   693 | D:1      | 693 ||| READING scroll labelled LYMPOB GUKAE.
   694 | D:1      | 694 ||| DROPPING scroll of butterflies.
   851 | D:2      | Reached skill level 7 in Ranged Weapons
  1040 | D:2      | Found Roukko's Distillery.
  1050 | D:2      | 1050 ||| BUYING potion of cancellation (88 gold).
  1050 | D:2      | Bought a potion of cancellation for 88 gold pieces
  1050 | D:2      | 1050 ||| SHOPLISTING potion of curing (33 gold, have 30).
  1050 | D:2      | 1050 ||| SHOPLISTING potion of enlightenment (55 gold, have
                  | 30).
  1050 | D:2      | 1050 ||| SHOPLISTING potion of heal wounds (55 gold, have
                  | 30).
  1065 | D:2      | Reached XP level 4. HP: 22/25 MP: 6/6
  1196 | D:2      | 1196 ||| READING scroll labelled COWIHAVV LOSH.
  1198 | D:2      | 1198 ||| Stepping ~*~*~tactically~*~*~ (cloud).
  1312 | D:3      | 1312 ||| PLANNING SEWER
  1398 | D:3      | Found an ancient bone altar of Kikubaaqudgha.
  1544 | D:3      | Found a transporter.
  1549 | D:3      | Noticed qw's ghost (amateur GrFi)
  1580 | D:3      | Found a glowing drain.
  1581 | D:3      | 1581 ||| UPGRADING to +4 ring of protection.
  1589 | D:3      | Reached skill level 8 in Ranged Weapons
  1601 | Sewer    | Entered a sewer
  1607 | Sewer    | 1607 ||| Stepping ~*~*~tactically~*~*~ (water).
  1651 | Sewer    | 1651 ||| Stepping ~*~*~tactically~*~*~ (water).
  1671 | Sewer    | 1671 ||| Stepping ~*~*~tactically~*~*~ (water).
  1745 | Sewer    | 1745 ||| Stepping ~*~*~tactically~*~*~ (water).
  1749 | Sewer    | Reached XP level 5. HP: 29/29 MP: 7/7
  1751 | Sewer    | 1751 ||| Stepping ~*~*~tactically~*~*~ (water).
  1946 | Sewer    | 1946 ||| READING scroll labelled FYHACOJ MYTH.
  1947 | Sewer    | 1947 ||| READING scroll labelled PISMUMEPNOR.
  1948 | Sewer    | 1948 ||| DRINKING 2 lumpy brown potions.
  1949 | Sewer    | 1949 ||| READING 6 scrolls of identify.
  1949 | Sewer    | 1949 ||| IDENTIFYING bubbling grey potion
  1950 | Sewer    | 1950 ||| READING 5 scrolls of identify.
  1950 | Sewer    | 1950 ||| IDENTIFYING blue potion
  1951 | Sewer    | 1951 ||| READING 4 scrolls of identify.
  1951 | Sewer    | 1951 ||| IDENTIFYING dark potion
  1952 | Sewer    | 1952 ||| READING 3 scrolls of identify.
  1952 | Sewer    | 1952 ||| IDENTIFYING fuming dark potion
  1953 | Sewer    | 1953 ||| READING 2 scrolls of identify.
  1953 | Sewer    | 1953 ||| IDENTIFYING fuming clear potion
  1954 | Sewer    | 1954 ||| DROPPING potion of brilliance.
  1955 | Sewer    | 1955 ||| DROPPING potion of ambrosia.
  1992 | D:3      | 1992 ||| PLANNING D:1-11
  2047 | D:3      | Found a transporter.
  2341 | D:3      | Found a broken altar of Ashenzari.
  2531 | D:3      | Reached skill level 9 in Ranged Weapons
  2683 | D:3      | 2683 ||| UPGRADING to +0 pair of gloves.
  2852 | D:4      | HP: 6/30 [orc priest/divine providence (9)]
  2853 | D:4      | 2853 ||| READING scroll of teleportation.
  2854 | D:4      | 2854 ||| DRINKING potion of heal wounds.
  2968 | D:4      | Reached XP level 6. HP: 35/35 MP: 8/8
  2981 | D:4      | 2981 ||| UPGRADING to +0 cloak.
  2993 | D:4      | 2993 ||| STAIRDANCE
  3040 | D:4      | Reached skill level 1 in Armour
  3062 | D:4      | HP: 8/35 [acid (9)]
  3073 | D:4      | HP: 8/35 [jelly (3)]
  3073 | D:4      | HP: 1/35 [acid (7)]
  3074 | D:4      | 3074 ||| DRINKING potion of cancellation.
  3083 | D:4      | Reached skill level 10 in Ranged Weapons
  3104 | D:4      | 3104 ||| FLEEEEING.
  3113 | D:4      | 3113 ||| STAIRDANCE
  3237 | D:4      | Found a glowing silver altar of Zin.
  3571 | D:4      | Reached skill level 3 in Dodging
  3571 | D:4      | Reached XP level 7. HP: 35/40 MP: 9/9
  3678 | D:4      | Found Xapp's Antique Weapon Shoppe.
  3686 | D:4      | 3686 ||| BUYING orcbow (59 gold).
  3686 | D:4      | Bought an orcbow for 59 gold pieces
  3686 | D:4      | 3686 ||| SWAPPING to +0 orcbow.
  3687 | D:4      | 3687 ||| DROPPING +0 shortbow.
  3742 | D:4      | Found a shadowy altar of Dithmenos.
  3850 | D:4      | 3850 ||| UPGRADING to +6 ring of strength.
  3851 | D:4      | 3851 ||| READING scroll labelled XITAADD WINEMO.
  3952 | D:4      | 3952 ||| READING scroll labelled WOGAAK APEED.
  3953 | D:4      | 3953 ||| READING scroll labelled LYJILAENAQOTH.
  3979 | D:5      | Entered Level 5 of the Dungeon
  3982 | D:5      | 3982 ||| STAIRDANCE
  3985 | D:4      | Mangled by an ogre

Levels and vault maps discovered:
D:1:      lordsloth_arrival_two_stooges, layout_basic
D:2:      layout_basic, serial_shops, shop, minmay_misc_feat_hallway,
          minmay_tromino_v4_a
D:3:      layout_loops_corners, pf_just_have_faith,
          nicolae_overflow_hidden_temple, cheibrodos_sewer_entry_bend,
          gammafunk_ghost_stat_death
D:4:      layout_basic, mainiacjoe_overflow_24_doors,
          lemuel_coloured_pillars_altar, serial_shops,
          nicolae_shop_temple_entry_statues_fountains,
          chequers_serial_rivers_room_b, grunt_decor_cap
D:5:      nicolae_cairo_tiling, layout_cave_pools, serial_bayou_pond_a

Skill      XL: |  1  2  3  4  5  6 |
---------------+-------------------+-----
Ranged Weapons | 6 7 8 9 10 | 10.4
Fighting       | 2 |  2.1
Armour         | 1 |  1.3
Dodging        | 3 |  3.6
Stealth        | |  1.2

Action                     |  1- 3 |  4- 6 |  7- 9 || total
---------------------------+-------+-------+-------++-------
   Fire: Shortbow          |   133 |   262 |     8 ||   403
         Orcbow            |       |       |     6 ||     6
    Use: Scroll            |     2 |     9 |     3 ||    14
         Potion            |       |     3 |       ||     3
 Armour: Leather armour    |     3 |       |       ||     3
         Ring mail         |    27 |    58 |     3 ||    88
  Dodge: Dodged            |    28 |    78 |     4 ||   110

Table legend:
 A = Non-vault XP
 B = Vault XP
 C = Vault XP percentage of total XP
 D = Non-vault monster count
 E = Vault monster count
 F = Vault count percentage of total count
                 A         B        C        D         E       F
            +---------+---------+-------+---------+---------+-------
      Total |     752 |      82 |   9.8 |      90 |      21 |  18.9
            +---------+---------+-------+---------+---------+-------
        D:1 |      42 |       0 |   0.0 |      22 |       0 |   0.0
        D:2 |      84 |       8 |   8.7 |      22 |       4 |  15.4
        D:3 |      67 |      10 |  13.0 |      18 |       2 |  10.0
        D:4 |     559 |       0 |   0.0 |      28 |       0 |   0.0
      Sewer |       0 |      64 | 100.0 |       0 |      15 | 100.0
            +---------+---------+-------+---------+---------+-------
